[Event "Charlotte Open 2024"]
[Site "Charlotte"]
[Date "2024.01.14"]
[Round "2.2"]
[White "Titus, Andrew"]
[Black "Kantor, Gergely"]
[Result "1-0"]
[ECO "C90"]
[WhiteElo "2202"]
[BlackElo "2531"]
[Annotator "RC"]
[PlyCount "109"]
[EventDate "2024.01.05"]
[EventType "swiss"]
[EventCountry "USA"]
[SourceTitle "playchess.com"]
[Source "ChessBase"]
[SourceQuality "1"]
[TimeControl "6600+10"]

1. e4 e5 2. Nf3 Nc6 3. Bb5 a6 4. Ba4 Nf6 5. O-O Be7 6. d3 d6 7. c3 O-O 8. Re1 Re8 9. Nbd2 Bf8 10. Nf1 b5 11. Bb3 h6 12. a4 b4 13. Ne3 bxc3 14. bxc3 Na5 15. Ba2 c6 16. Nh4 d5 17. Qf3 Be6 18. Nhf5 g6 19. Ng3 Rb8 20. Qe2 Nb3 21. Bxb3 Rxb3 22. Qc2 d4 23. Nd1 Qb6 24. cxd4 exd4 25. f4 Qc5 26. Qe2 Bg4 27. Qd2 Qb4 28. Nf2 Qxd2 29. Bxd2 Bd7 30. Rec1 c5 31. h3 Reb8 32. e5 Nd5 33. Nge4 Rc8 34. g4 Be7 35. Ra2 Nb4 36. Bxb4 Rxb4 37. a5 Kg7 38. Rac2 Ba4 39. Rc4 Rxc4 40. Rxc4 Bb3 41. Rc1 c4 42. dxc4 Rxc4 43. Rb1 Bc2 44. Rb7 Ba3 45. e6 Kf8 46. Rxf7+ Ke8 47. Nf6+ Kd8 48. Rd7+ Kc8 49. Nd5 Rc6 50. Nb6+ Kb8 51. e7 Bxe7 52. Rxe7 d3 53. Rd7 Rc3 54. Ne4 Ra3 55. Nc5 1-0

[Event "Charlotte Open 2024"]
[Site "Charlotte"]
[Date "2024.01.14"]
[Round "2.3"]
[White "Brodsky, David"]
[Black "Jiang, Andrew"]
[Result "1-0"]
[ECO "C95"]
[WhiteElo "2492"]
[BlackElo "2213"]
[Annotator "RC"]
[PlyCount "71"]
[EventDate "2024.01.05"]
[EventType "swiss"]
[EventCountry "USA"]
[SourceTitle "playchess.com"]
[Source "ChessBase"]
[SourceQuality "1"]
[TimeControl "6600+10"]

1. e4 e5 2. Nf3 Nc6 3. Bb5 a6 4. Ba4 Nf6 5. O-O Be7 6. Re1 b5 7. Bb3 d6 8. c3 O-O 9. h3 Nb8 10. d4 Nbd7 11. Nbd2 Bb7 12. Bc2 Re8 13. Nf1 Bf8 14. Ng3 g6 15. Bd2 Bg7 16. Qc1 d5 17. Bg5 h6 18. Bxh6 dxe4 19. Nxe5 Nxe5 20. dxe5 Rxe5 21. Bf4 Re6 22. Rd1 Qe7 23. Bb3 Rb6 24. Qe3 a5 25. Bh6 Qe5 26. f4 Qe7 27. f5 a4 28. fxg6 axb3 29. Bxg7 fxg6 30. Bxf6 Rxf6 31. axb3 Kg7 32. Rxa8 Bxa8 33. b4 Bc6 34. Ne2 Qe5 35. Nd4 Bb7 36. Nb3 1-0

[Event "Charlotte Open 2024"]
[Site "Charlotte"]
[Date "2024.01.14"]
[Round "2.4"]
[White "Vigorito, David"]
[Black "Cruz, Cristhian"]
[Result "0-1"]
[ECO "D37"]
[WhiteElo "2256"]
[BlackElo "2498"]
[Annotator "RC"]
[PlyCount "82"]
[EventDate "2024.01.05"]
[EventType "swiss"]
[EventCountry "USA"]
[SourceTitle "playchess.com"]
[Source "ChessBase"]
[SourceQuality "1"]
[TimeControl "6600+10"]

1. d4 e6 2. c4 d5 3. Nf3 a6 4. cxd5 exd5 5. Nc3 Nf6 6. Bg5 Be6 7. e3 Nbd7 8. Qc2 Bd6 9. Bd3 c6 10. Bf4 Qc7 11. Bxd6 Qxd6 12. O-O O-O 13. Rfc1 Rfe8 14. Na4 Bg4 15. Nd2 Bh5 16. Nc5 Nxc5 17. Qxc5 Qe6 18. b4 Ng4 19. Nf1 Qf6 20. Qc2 Bg6 21. Bxg6 hxg6 22. a4 Rac8 23. Ra2 Qe6 24. Qb3 Nf6 25. Nd2 Red8 26. Rac2 Ne8 27. b5 cxb5 28. axb5 Rxc2 29. Rxc2 a5 30. b6 Ra8 31. h3 a4 32. Qb5 Nd6 33. Qb4 Nc8 34. Rc7 a3 35. Rxb7 a2 36. Nb3 Qe4 37. Kh2 Qb1 38. Rc7 a1=Q 39. b7 Qg1+ 40. Kg3 Qaf1 41. Rxc8+ Kh7 0-1

[Event "Charlotte Open 2024"]
[Site "Charlotte"]
[Date "2024.01.14"]
[Round "2.5"]
[White "Troff, Kayden"]
[Black "Rutten, Alexander"]
[Result "1-0"]
[ECO "B82"]
[WhiteElo "2484"]
[BlackElo "2142"]
[Annotator "RC"]
[PlyCount "61"]
[EventDate "2024.01.05"]
[EventType "swiss"]
[EventCountry "USA"]
[SourceTitle "playchess.com"]
[Source "ChessBase"]
[SourceQuality "1"]
[TimeControl "6600+10"]

1. e4 c5 2. Nc3 d6 3. f4 Nc6 4. Nf3 e6 5. d4 cxd4 6. Nxd4 Nf6 7. Nf3 a6 8. Bd3 Be7 9. O-O b5 10. Qe1 b4 11. Nd1 e5 12. Ne3 exf4 13. Nd5 O-O 14. Bxf4 Bb7 15. Nxe7+ Qxe7 16. Nh4 d5 17. Nf5 Qe6 18. Qg3 Nh5 19. Qg5 dxe4 20. Rae1 Qg6 21. Bxe4 Qxg5 22. Bxg5 h6 23. Be7 Rfb8 24. g4 Nxe7 25. Nxe7+ Kf8 26. gxh5 Bxe4 27. Rxe4 Re8 28. Rfe1 a5 29. c4 bxc3 30. bxc3 Rad8 31. c4 1-0

[Event "Charlotte Open 2024"]
[Site "Charlotte"]
[Date "2024.01.14"]
[Round "2.6"]
[White "Prabhu, Naveen"]
[Black "Chasin, Nico"]
[Result "0-1"]
[ECO "B62"]
[WhiteElo "2103"]
[BlackElo "2437"]
[Annotator "RC"]
[PlyCount "82"]
[EventDate "2024.01.05"]
[EventType "swiss"]
[EventCountry "USA"]
[SourceTitle "playchess.com"]
[Source "ChessBase"]
[SourceQuality "1"]
[TimeControl "6600+10"]

1. e4 c5 2. Nf3 d6 3. d4 cxd4 4. Nxd4 Nf6 5. Nc3 Nc6 6. Bb5 Bd7 7. Bg5 e6 8. Qd3 Qb6 9. Bxc6 bxc6 10. O-O Ng4 11. Nb3 f6 12. Bf4 Ne5 13. Qg3 Nc4 14. Rae1 a5 15. a4 e5 16. Bc1 Be6 17. Kh1 g5 18. Qd3 Qa6 19. Rd1 h5 20. f3 Be7 21. Rfe1 O-O 22. Qe2 Qb7 23. Qf2 Bd8 24. Rd3 Bb6 25. Qe2 Bc7 26. Red1 Rab8 27. Qf2 Qc8 28. Qg3 Qe8 29. Qe1 Qg6 30. Ne2 f5 31. Ng3 f4 32. Ne2 g4 33. Ng1 Rf7 34. Qf1 Kh7 35. Rc3 Rb4 36. Qf2 Bb6 37. Qe2 Rg7 38. Nd2 Ne3 39. Rxe3 Bxe3 40. b3 Rb8 41. Ba3 c5 0-1

[Event "Charlotte Open 2024"]
[Site "Charlotte"]
[Date "2024.01.14"]
[Round "2.7"]
[White "Foisor, Sabina-Francesca"]
[Black "Kraai, Jesse"]
[Result "1/2-1/2"]
[ECO "D38"]
[WhiteElo "2200"]
[BlackElo "2375"]
[Annotator "RC"]
[PlyCount "100"]
[EventDate "2024.01.05"]
[EventType "swiss"]
[EventCountry "USA"]
[SourceTitle "playchess.com"]
[Source "ChessBase"]
[SourceQuality "1"]
[TimeControl "6600+10"]

1. d4 Nf6 2. c4 e6 3. Nf3 d5 4. Nc3 Bb4 5. Qa4+ Nc6 6. Bg5 O-O 7. e3 h6 8. Bxf6 Qxf6 9. a3 Bxc3+ 10. bxc3 Qg6 11. h4 dxc4 12. h5 Qf5 13. Qxc4 Rd8 14. Bd3 Qa5 15. Nd2 e5 16. Nb3 Qb6 17. Nc5 Na5 18. Qa4 c6 19. Rd1 exd4 20. cxd4 Qc7 21. Bb1 b6 22. Ne4 Be6 23. Nd2 c5 24. Qc2 Kf8 25. O-O Rd5 26. f4 Bf5 27. e4 Bh7 28. Nb3 Nxb3 29. Qxb3 Rxd4 30. Rxd4 cxd4 31. Qb4+ Qe7 32. Rc1 Qxb4 33. axb4 a5 34. Rc4 a4 35. Rxd4 f6 36. Ba2 Bg8 37. Bxg8 Kxg8 38. b5 a3 39. Rd1 Ra4 40. Ra1 Rxe4 41. Rxa3 Rb4 42. Ra8+ Kh7 43. Rb8 Rxb5 44. Kf2 Rb1 45. f5 Rb5 46. g4 Rb1 47. Kg2 b5 48. Kh2 b4 49. Kg2 b3 50. Kh2 Rb2+ 1/2-1/2

[Event "Charlotte Open 2024"]
[Site "Charlotte"]
[Date "2024.01.14"]
[Round "2.8"]
[White "Cordova, Emilio"]
[Black "Belenkaya, Dina"]
[Result "1-0"]
[ECO "A14"]
[WhiteElo "2563"]
[BlackElo "2202"]
[Annotator "RC"]
[PlyCount "123"]
[EventDate "2024.01.05"]
[EventType "swiss"]
[EventCountry "USA"]
[SourceTitle "playchess.com"]
[Source "ChessBase"]
[SourceQuality "1"]
[TimeControl "6600+10"]

1. Nf3 Nf6 2. c4 e6 3. g3 d5 4. Bg2 Be7 5. O-O O-O 6. Ne5 c5 7. cxd5 exd5 8. e3 Nc6 9. d4 Be6 10. Nc3 Qc8 11. Nxc6 bxc6 12. dxc5 Bxc5 13. Na4 Be7 14. b3 Bh3 15. Bb2 Ne4 16. Rc1 Bxg2 17. Kxg2 Qe6 18. h3 Rac8 19. Qg4 Qh6 20. Qd7 Qe6 21. Qxe6 fxe6 22. Rc2 Bd6 23. g4 h5 24. f3 hxg4 25. hxg4 Ng5 26. Nc5 e5 27. Nb7 Bb8 28. Ba3 Rf6 29. Be7 Rf7 30. Bxg5 Rxb7 31. Rfc1 Rbc7 32. Rc5 Kf7 33. Bh4 Ke6 34. Bg3 a6 35. e4 Kd6 36. Ra5 Ba7 37. exd5 Bd4 38. Rd1 c5 39. Rxa6+ Kxd5 40. Rg6 Ra8 41. Rd2 Rca7 42. a4 Rb8 43. Rg5 Rxb3 44. Rxe5+ Kc4 45. Re4 Rxa4 46. Be5 Rd3 47. Rde2 Kb3 48. Bd6 c4 49. Re7 Ra7 50. Re8 Rb7 51. Ra8 c3 52. Ra3+ Kc4 53. Re8 Rd2+ 54. Kh3 c2 55. Rc8+ Kd5 56. Bf4 Re2 57. Rd8+ Kc4 58. Ra4+ Rb4 59. Rxb4+ Kxb4 60. Rxd4+ Kc3 61. Rd7 g6 62. Rd6 1-0

[Event "Charlotte Open 2024"]
[Site "Charlotte"]
[Date "2024.01.14"]
[Round "2.9"]
[White "Wang, Aaron Ziwen"]
[Black "Botez, Andrea"]
[Result "1/2-1/2"]
[ECO "E61"]
[WhiteElo "1669"]
[BlackElo "1709"]
[Annotator "NA RC COMBH"]
[PlyCount "96"]
[EventDate "2024.01.05"]
[EventType "swiss"]
[EventCountry "USA"]
[SourceTitle "playchess.com"]
[Source "ChessBase"]
[SourceQuality "1"]
[TimeControl "6600+10"]

1. d4 Nf6 2. c4 g6 3. Nc3 Bg7 4. Nf3 d6 5. Bg5 h6 6. Bh4 g5 7. Bg3 Nh5 8. e3 Nxg3 9. hxg3 c5 10. Qd2 g4 11. Ng1 cxd4 12. exd4 Nc6 13. Nge2 Bf5 14. O-O-O Qa5 15. Rh5 Rc8 16. f3 gxf3 17. gxf3 Bf6 18. Nd5 Qxd5 19. cxd5 Nb4+ 20. Qc3 Nxa2+ 21. Kd2 Nxc3 22. bxc3 Bg5+ 23. f4 Bg4 24. Bh3 Bxh3 25. Rxh3 Bf6 26. Rdh1 Bg7 27. g4 Rg8 28. Rg1 Kd7 29. Ng3 a5 30. Nf5 e6 31. dxe6+ fxe6 32. Nxg7 Rxg7 33. Rxh6 b5 34. g5 Rf8 35. Rb1 Rb8 36. Rh2 Kc6 37. Ke3 b4 38. cxb4 Rxb4 39. Rhb2 Kb5 40. Kd3 e5 41. dxe5 dxe5 42. fxe5 Rxg5 43. Rxb4+ axb4 44. Re1 Rg8 45. e6 Re8 46. Re4 Kc5 47. Rc4+ Kd5 48. Rxb4 Rxe6 1/2-1/2

[Event "Charlotte Open 2024"]
[Site "Charlotte"]
[Date "2024.01.14"]
[Round "2.10"]
[White "Zapata, Alonso"]
[Black "Joseph, Jonath"]
[Result "1/2-1/2"]
[ECO "C47"]
[WhiteElo "2313"]
[BlackElo "2149"]
[Annotator "RC"]
[PlyCount "59"]
[EventDate "2024.01.05"]
[EventType "swiss"]
[EventCountry "USA"]
[SourceTitle "playchess.com"]
[Source "ChessBase"]
[SourceQuality "1"]
[TimeControl "6600+10"]

1. e4 e5 2. Nf3 Nc6 3. d4 exd4 4. Nxd4 Nf6 5. Nc3 Bb4 6. Nxc6 bxc6 7. Bd3 d5 8. exd5 cxd5 9. O-O O-O 10. Bg5 c6 11. Ne2 Bd6 12. h3 c5 13. c4 d4 14. Ng3 h6 15. Bxf6 Qxf6 16. Qh5 Qg5 17. Qxg5 hxg5 18. Ne4 Be7 19. Rae1 g4 20. hxg4 Bxg4 21. f4 Bd7 22. Kf2 Rab8 23. b3 Bc6 24. Rh1 g6 25. Nd2 Bd6 26. Rh4 Kg7 27. Be4 Bd7 28. Reh1 Rh8 29. Rxh8 Rxh8 30. Rxh8 1/2-1/2

[Event "Charlotte Open 2024"]
[Site "Charlotte"]
[Date "2024.01.14"]
[Round "2.11"]
[White "Shundi, Matias"]
[Black "Horobetz, Graham"]
[Result "0-1"]
[ECO "B90"]
[WhiteElo "2226"]
[BlackElo "2249"]
[Annotator "RC"]
[PlyCount "160"]
[EventDate "2024.01.05"]
[EventType "swiss"]
[EventCountry "USA"]
[SourceTitle "playchess.com"]
[Source "ChessBase"]
[SourceQuality "1"]
[TimeControl "6600+10"]

1. e4 c5 2. Nf3 d6 3. d4 cxd4 4. Nxd4 Nf6 5. Nc3 a6 6. Be3 e5 7. Nb3 Be7 8. f3 Be6 9. Qd2 h5 10. Be2 Nbd7 11. Nd5 Bxd5 12. exd5 Qc7 13. Rc1 a5 14. c4 a4 15. Na1 O-O 16. Nc2 Nh7 17. Na3 Qd8 18. Nb5 Nc5 19. O-O Bg5 20. Rb1 f5 21. Bxg5 Nxg5 22. b4 axb3 23. axb3 f4 24. b4 Nd7 25. Kh1 Qf6 26. Rbc1 Rfc8 27. Bd3 Nf7 28. Qf2 b6 29. Nc3 Ra3 30. Ne4 Qe7 31. Rfd1 Kf8 32. c5 bxc5 33. Bb5 Nf6 34. Nxf6 gxf6 35. Bd3 c4 36. Rxc4 Rxc4 37. Bxc4 e4 38. fxe4 Qxe4 39. Be2 Qxb4 40. Bxh5 Ne5 41. Qh4 Kg7 42. h3 Rb3 43. Kh2 Rb2 44. Rf1 Qd2 45. Rg1 Qe3 46. Re1 Qf2 47. Qxf2 Rxf2 48. Kg1 Rd2 49. Re4 Kh6 50. Bf3 Kg5 51. Ra4 Kh4 52. Kf1 Kg3 53. Ke1 Nxf3+ 54. gxf3 Rxd5 55. Ra8 Re5+ 56. Kf1 Kxf3 57. Ra6 Rd5 58. Ra3+ Ke4 59. Ke2 f3+ 60. Ke1 Kf4 61. h4 Kg3 62. Rb3 Ra5 63. Rb1 Kg2 64. Rb2+ Kg1 65. h5 f2+ 66. Rxf2 Ra1+ 67. Ke2 Ra2+ 68. Ke3 Rxf2 69. h6 Rh2 70. Kf4 Rxh6 71. Kf5 d5 72. Kf4 Rh5 73. Kg4 Re5 74. Kf4 d4 75. Kf3 d3 76. Kg3 d2 77. Kh3 d1=Q 78. Kh4 Qh5+ 79. Kg3 Re3+ 80. Kf4 Qf3# 0-1

[Event "Charlotte Open 2024"]
[Site "Charlotte"]
[Date "2024.01.14"]
[Round "2.12"]
[White "Nguyen, James Le"]
[Black "Abrahamyan, Tatev"]
[Result "0-1"]
[ECO "C07"]
[WhiteElo "2135"]
[BlackElo "2311"]
[Annotator "RC"]
[PlyCount "148"]
[EventDate "2024.01.05"]
[EventType "swiss"]
[EventCountry "USA"]
[SourceTitle "playchess.com"]
[Source "ChessBase"]
[SourceQuality "1"]
[TimeControl "6600+10"]

1. e4 e6 2. d4 d5 3. Nd2 c5 4. exd5 Qxd5 5. Ngf3 cxd4 6. Bc4 Qd6 7. O-O Nf6 8. Nb3 Nc6 9. Nbxd4 Nxd4 10. Nxd4 Be7 11. c3 O-O 12. Qf3 Qc7 13. Bd3 Rd8 14. Re1 Bd7 15. Bg5 Rac8 16. a4 Nd5 17. h4 Bxg5 18. hxg5 Nf4 19. Be4 e5 20. Nf5 Be6 21. a5 Rd2 22. Rad1 Rxb2 23. Nd6 Rf8 24. Nxb7 Qe7 25. Rb1 Rxb1 26. Rxb1 Qxg5 27. Qe3 Bf5 28. Nd6 Bg6 29. g3 Qg4 30. Bf3 Qe6 31. Rd1 Nh3+ 32. Kh2 h6 33. Qxa7 Ng5 34. Bg2 Qg4 35. Re1 e4 36. Qd4 Rd8 37. Qb6 Rf8 38. Qd4 f5 39. a6 f4 40. Nxe4 Bxe4 41. Qc4+ Kh8 42. Rxe4 Nxe4 43. Qxe4 fxg3+ 44. fxg3 Qh5+ 45. Kg1 Rd8 46. Qf3 Qa5 47. Qe2 Qxc3 48. a7 Qxg3 49. Kf1 Qf4+ 50. Kg1 Qg5 51. Qf3 Qc1+ 52. Qf1 Qa3 53. Qf7 Rd1+ 54. Kh2 Qd6+ 55. Kh3 Rd3+ 56. Bf3 Rxf3+ 57. Qxf3 Qd7+ 58. Kg3 Qxa7 59. Qf8+ Kh7 60. Qf5+ g6 61. Qd5 Qe3+ 62. Kg2 Qg5+ 63. Qxg5 hxg5 64. Kg3 Kg7 65. Kf3 Kf7 66. Kg3 Ke6 67. Kg4 Kf6 68. Kg3 Kf5 69. Kf3 g4+ 70. Kg3 Kg5 71. Kg2 Kf4 72. Kf2 g3+ 73. Kg2 Kg4 74. Kg1 Kh3 0-1

[Event "Charlotte Open 2024"]
[Site "Charlotte"]
[Date "2024.01.14"]
[Round "2.13"]
[White "Ammasani, Smayan"]
[Black "Vanapalli, Vishnu"]
[Result "0-1"]
[ECO "C78"]
[WhiteElo "1638"]
[BlackElo "2276"]
[Annotator "RC"]
[PlyCount "98"]
[EventDate "2024.01.05"]
[EventType "swiss"]
[EventCountry "USA"]
[SourceTitle "playchess.com"]
[Source "ChessBase"]
[SourceQuality "1"]
[TimeControl "6600+10"]

1. e4 e5 2. Nf3 Nc6 3. Bb5 a6 4. Ba4 Nf6 5. O-O b5 6. Bb3 Bc5 7. c3 d6 8. d4 Bb6 9. a4 Rb8 10. a5 Ba7 11. Re1 Bg4 12. d5 Ne7 13. Nbd2 Ng6 14. h3 Bd7 15. Nf1 h6 16. Qd3 Nh5 17. Be3 Rb7 18. Bxa7 Rxa7 19. Rac1 O-O 20. Red1 Qb8 21. Ba2 Ngf4 22. Qe3 Nf6 23. Ng3 Ra8 24. b3 Rd8 25. c4 bxc4 26. bxc4 Ba4 27. Rd2 Qb4 28. Qc3 Rab8 29. Ne1 Nd7 30. Nd3 Qxc3 31. Rxc3 Nxd3 32. Rcxd3 Nc5 33. Ra3 Rb4 34. Kh2 Rdb8 35. Re3 g6 36. Ra3 Kg7 37. f3 Rb2 38. Rxb2 Rxb2 39. Kg1 Bd7 40. Kf1 f5 41. h4 Kf6 42. Kg1 Rc2 43. Kh2 f4 44. Nf1 Rb2 45. Kg1 g5 46. hxg5+ Kxg5 47. Kh2 h5 48. Kg1 h4 49. Kh2 h3 0-1

[Event "Charlotte Open 2024"]
[Site "Charlotte"]
[Date "2024.01.14"]
[Round "2.14"]
[White "Troutman, Charles"]
[Black "Sadorra, Julio Catalino"]
[Result "0-1"]
[ECO "C26"]
[WhiteElo "1814"]
[BlackElo "2554"]
[Annotator "RC"]
[PlyCount "34"]
[EventDate "2024.01.05"]
[EventType "swiss"]
[EventCountry "USA"]
[SourceTitle "playchess.com"]
[Source "ChessBase"]
[SourceQuality "1"]
[TimeControl "6600+10"]

1. e4 e5 2. Nc3 Nf6 3. g3 d5 4. exd5 c6 5. dxc6 Nxc6 6. d3 Bc5 7. Bg5 Qb6 8. Qd2 Bxf2+ 9. Qxf2 Qxb2 10. Kd2 Nd4 11. Rc1 Ng4 12. Qg2 Bd7 13. Ne4 O-O 14. Ne2 f5 15. Nxd4 exd4 16. Be7 fxe4 17. Qxe4 Qc3+ 0-1

[Event "Charlotte Open 2024"]
[Site "Charlotte"]
[Date "2024.01.14"]
[Round "2.15"]
[White "Yan, Benjamin"]
[Black "Kogen, Jonathan"]
[Result "1/2-1/2"]
[ECO "E97"]
[WhiteElo "2025"]
[BlackElo "2220"]
[Annotator "TA"]
[PlyCount "96"]
[EventDate "2024.01.05"]
[EventType "swiss"]
[EventCountry "USA"]
[SourceTitle "playchess.com"]
[Source "ChessBase"]
[SourceQuality "1"]
[TimeControl "6600+10"]

1. d4 Nf6 2. c4 g6 3. Nc3 Bg7 4. e4 d6 5. Nf3 O-O 6. Be2 e5 7. Be3 Ng4 8. Bg5 f6 9. Bc1 Nc6 10. O-O f5 11. dxe5 Ngxe5 12. exf5 Bxf5 13. Be3 Ng4 14. Qd5+ Kh8 15. Bg5 Qd7 16. Qd2 h6 17. Bf4 g5 18. Bg3 Nf6 19. Bd3 Rae8 20. Rfe1 Bg4 {[%emt 0:08:07] aiming for ...Bxf3.} 21. Bg6 {[%emt 0:11:39] [#]} Bxf3 $1 22. gxf3 Rxe1+ 23. Rxe1 Qh3 (23... Ng8 $15) 24. Bb1 $14 g4 (24... Ne5 $14 25. Bxe5 dxe5) 25. fxg4 ({White should try} 25. f4 $1 $16) 25... Qxg4 {[%emt 0:01:00][%cal Oc6d4] And now ...Nd4! would win.} (25... Ne5 {keeps more tension.} 26. Bxe5 dxe5 27. Qd3 Qxg4+ 28. Kf1 Qd4) 26. Qe2 Ne5 {[%emt 0:02:57] ...Nf3+ is the strong threat.} 27. Qxg4 Nfxg4 {[%emt 0:00:14] [#] Excellent horsemanship.} 28. Re4 (28. Kg2 $1 $16) 28... Nf3+ $11 29. Kg2 Bxc3 30. bxc3 Nge5 31. Bxe5+ Nxe5 $14 {[%emt 0:04:31][%mdl 4096] Endgame. [#] KRB-KRN} 32. c5 $1 Rg8+ (32... Kg7 33. Ra4) 33. Kh3 Rg1 34. cxd6 cxd6 35. Bc2 Rc1 36. Re2 Nf3 (36... Kg7 $11 {deserves consideration.}) 37. Kg3 Ne1 38. Be4 Rxc3+ {[%emt 0:00:16] [#]} 39. f3 (39. Re3 $1 $16 Rc1 (39... Rxe3+ $2 40. fxe3 d5 41. Bb1 $18) 40. f3 (40. Bxb7 Nc2 $18)) 39... Nd3 $11 40. Bxd3 Rxd3 $14 {[%emt 0:00:04] KR-KR. The position is equal.} 41. Re7 Ra3 42. Rxb7 Rxa2 43. Rd7 a5 44. Rxd6 Kg7 45. Ra6 a4 46. f4 a3 47. f5 Ra1 48. Kg2 h5 {[%emt 0:00:59] Weighted Error Value: White=0.15 (very precise) /Black=0.14 (very precise) .  Mistake:       	White=3     	Black=3      Inaccurate:     	White=2     	Black=3      OK:         	White=17    	Black=15     Best:        	White=2     	Black=2} 1/2-1/2

[Event "Charlotte Open 2024"]
[Site "Charlotte"]
[Date "2024.01.14"]
[Round "2.16"]
[White "Schmitz, David"]
[Black "Parker, Anthony"]
[Result "0-1"]
[ECO "C63"]
[WhiteElo "1957"]
[BlackElo "1909"]
[Annotator "TA"]
[PlyCount "64"]
[EventDate "2024.01.05"]
[EventType "swiss"]
[EventCountry "USA"]
[SourceTitle "playchess.com"]
[Source "ChessBase"]
[SourceQuality "1"]
[TimeControl "6600+10"]

1. e4 e5 2. Nf3 Nc6 3. Bb5 f5 4. d3 fxe4 5. dxe4 Nf6 6. O-O d6 7. Re1 Be7 8. Nc3 {[%emt 0:04:16] Inaccurate} O-O {[%emt 0:01:54] OK} 9. Bc4+ Kh8 {[%emt 0:00:07] Best (Easy). The position is equal.} 10. Ng5 Qe8 {[%emt 0:02:06] Inhibits Nf7+. OK} 11. Ne6 {[%emt 0:03:12] OK} Bxe6 12. Bxe6 Nd4 {[%emt 0:01:16] OK} 13. Bc4 {[%emt 0:12:23] Mistake (0.6)} (13. Bh3 $11) 13... Qg6 $15 {[%emt 0:08:16] Threatens to win with ...Ng4. OK} 14. Re3 $2 {[%emt 0:09:05] Now White is beyond hope. Loses game (1.8)} ({White should play} 14. f3 $15) 14... Ng4 $19 {[%emt 0:13:09] Best (Easy)} 15. Rg3 {[%emt 0:04:55] [#] OK} Nxf2 {[%emt 0:01:02] OK} 16. Rxg6 {[%emt 0:02:10] OK} Nxd1 {[%emt 0:00:07] A dynamic duo of knights. OK} 17. Rg4 $2 {[%emt 0:02:03] Mistake (2.0)} (17. Nxd1 {was necessary.} hxg6 18. c3) 17... Nf2 {[%emt 0:09:49] OK} ({Don't take} 17... Nxc2 18. Nxd1 Nxa1 19. Ne3 $19) 18. Nd5 Nxg4 19. Nxe7 {[%emt 0:00:37] Best} Nxc2 {[%emt 0:01:48] OK} 20. Rb1 {[%emt 0:00:17] OK} Nge3 21. Bd3 {[%emt 0:02:01] OK} Rae8 22. Nd5 {[%emt 0:00:45] OK} Nxd5 {[%emt 0:02:44][%cal Be3d5,Bd5f4,Bf4h3,Bh3f2][%mdl 32] EV=17.60. Goes to d6 (dbg)). OK} 23. Bxc2 {[%emt 0:00:09] OK} Nf4 {[%emt 0:00:24] OK} 24. Bd1 {[%emt 0:00:26] Prevents Ne2+. OK} d5 {[%emt 0:01:42] OK} 25. g3 {[%emt 0:00:17] Black is clearly winning.} Nh3+ {[%emt 0:01:56] OK} 26. Kg2 {[%emt 0:00:12] Best} Nf2 {[%emt 0:00:16] OK} 27. Ba4 Nxe4 {[%emt 0:00:25] OK} 28. Bxe8 {[%emt 0:00:08] OK} Rxe8 29. Be3 {[%emt 0:00:22] OK} d4 {[%emt 0:00:43] OK} 30. Bg1 c5 {[%emt 0:01:31] OK} 31. b4 {[%emt 0:00:12] Mistake (5.2)} (31. Rd1 $142) 31... c4 {[%emt 0:01:38] OK} 32. Re1 Nd6 {[%emt 0:01:01] Weighted Error Value: White=0.42/Black=0.02 (flawless) .  Loses game:     	White=1     	---        Mistake:       	White=3     	---        Inaccurate:     	White=1     	---        OK:         	White=10    	Black=17     Best:        	White=2     	Black=2} 0-1

[Event "Charlotte Open 2024"]
[Site "Charlotte"]
[Date "2024.01.14"]
[Round "2.17"]
[White "Malireddy, Karthikeya Datta"]
[Black "Daniels, Noah M"]
[Result "0-1"]
[ECO "C54"]
[WhiteElo "1626"]
[BlackElo "1764"]
[Annotator "NA RC COMBH"]
[PlyCount "86"]
[EventDate "2024.01.05"]
[EventType "swiss"]
[EventCountry "USA"]
[SourceTitle "playchess.com"]
[Source "ChessBase"]
[SourceQuality "1"]
[TimeControl "6600+10"]

1. e4 e5 2. Nf3 Nc6 3. Bc4 Bc5 4. c3 Nf6 5. d4 exd4 6. e5 d5 7. Bb5 Ne4 8. cxd4 Bb4+ 9. Nbd2 O-O 10. O-O Bg4 11. Qa4 Bxd2 12. Nxd2 Ne7 13. f3 Nxd2 14. Bxd2 Bf5 15. Bb4 a6 16. Be2 Re8 17. g4 Bg6 18. f4 Be4 19. Qd1 Nc6 20. Be1 f5 21. Bf2 Qd7 22. h3 Rf8 23. g5 Nd8 24. Bf3 Ne6 25. Be3 Rfd8 26. Qd2 Rac8 27. Rad1 Bxf3 28. Rxf3 c5 29. h4 Qf7 30. Qf2 Qh5 31. Rd2 cxd4 32. Bxd4 Rc1+ 33. Kg2 Rdc8 34. Be3 Nc5 35. Bxc5 R1xc5 36. Rfd3 Qf7 37. b4 Rc3 38. Rxd5 Qh5 39. R5d3 Qg4+ 40. Qg3 Rxd3 41. Rxd3 Rc2+ 42. Kg1 Qe2 43. Re3 b6 0-1

[Event "Charlotte Open 2024"]
[Site "Charlotte"]
[Date "2024.01.14"]
[Round "3.1"]
[White "Chasin, Nico"]
[Black "Cordova, Emilio"]
[Result "1-0"]
[ECO "A85"]
[WhiteElo "2437"]
[BlackElo "2563"]
[Annotator "RC"]
[PlyCount "69"]
[EventDate "2024.01.05"]
[EventType "swiss"]
[EventCountry "USA"]
[SourceTitle "playchess.com"]
[Source "ChessBase"]
[SourceQuality "1"]
[TimeControl "6600+10"]

1. d4 f5 2. c4 Nf6 3. Nc3 g6 4. h4 Bg7 5. h5 Nxh5 6. e4 Nf6 7. e5 Ne4 8. Bd3 Nxc3 9. bxc3 d6 10. f4 c5 11. Nf3 Nc6 12. Be3 dxe5 13. fxe5 cxd4 14. cxd4 f4 15. Bxf4 Bg4 16. Be3 O-O 17. Be4 e6 18. Rb1 Qa5+ 19. Qd2 Qxd2+ 20. Kxd2 Na5 21. Kd3 Rad8 22. Rh4 Bxf3 23. Bxf3 Bxe5 24. Re4 Rf5 25. Bg4 Bg7 26. Bxf5 exf5 27. Re7 Nc6 28. Rbxb7 Nxe7 29. Rxe7 f4 30. Bf2 g5 31. d5 g4 32. Bh4 Rb8 33. d6 Bf8 34. d7 Bxe7 35. Bxe7 1-0

[Event "Charlotte Open 2024"]
[Site "Charlotte"]
[Date "2024.01.14"]
[Round "3.2"]
[White "Horobetz, Graham"]
[Black "Brodsky, David"]
[Result "1/2-1/2"]
[ECO "B90"]
[WhiteElo "2249"]
[BlackElo "2492"]
[Annotator "RC"]
[PlyCount "114"]
[EventDate "2024.01.05"]
[EventType "swiss"]
[EventCountry "USA"]
[SourceTitle "playchess.com"]
[Source "ChessBase"]
[SourceQuality "1"]
[TimeControl "6600+10"]

1. e4 c5 2. Nf3 d6 3. d4 cxd4 4. Nxd4 Nf6 5. Nc3 a6 6. f3 e5 7. Nb3 Be6 8. Be3 Be7 9. Qd2 O-O 10. O-O-O Nbd7 11. g4 b5 12. g5 Nh5 13. Kb1 Nb6 14. Nd5 Nxd5 15. exd5 Bf5 16. Na5 f6 17. Nc6 Qd7 18. h4 Rae8 19. b3 fxg5 20. hxg5 Ng3 21. Rh2 Nxf1 22. Rxf1 Bd8 23. Kb2 Bg6 24. Rh4 Rf5 25. Rf2 Qf7 26. a4 Rxf3 27. Rxf3 Qxf3 28. axb5 axb5 29. Rb4 Qf1 30. Qc1 Qe2 31. Qd2 Qxd2 32. Bxd2 Bb6 33. Rxb5 Bf2 34. Bb4 e4 35. Bxd6 e3 36. Bb4 Be4 37. Nd4 Bg3 38. Ne2 Be5+ 39. Bc3 Bf3 40. Bxe5 Rxe5 41. Nd4 Bg4 42. c4 e2 43. Nc2 e1=Q 44. Nxe1 Rxe1 45. Rb7 h5 46. g6 Re8 47. d6 h4 48. c5 h3 49. c6 h2 50. Re7 Rf8 51. Re1 Bf3 52. c7 Bg4 53. b4 Bd7 54. Rc1 Rf2+ 55. Ka3 Rf3+ 56. Kb2 Rf2+ 57. Ka3 Rf3+ 1/2-1/2